 Dungeon Crawl Stone Soup version 0.31-a0-667-g39726597b9 (webtiles) character file.

Game seed: 15427482833464021253

11 Essalna the Conjurer (level 2, 21/21 HPs)
             Began as a Demonspawn Conjurer on Sept 4, 2023.
             Got out of the dungeon alive.
             The game lasted 00:01:21 (616 turns).

Essalna the Conjurer (Demonspawn Conjurer)           Turns: 616, Time: 00:01:22

Health: 21/21      AC:  3    Str:  7    XL:     2   Next: 17%
Magic:  5/5        EV: 12    Int: 19    God:
Gold:   2          SH:  0    Dex: 11    Spells: 4/5 levels left

rFire   . . .        c - +0 trident
rCold   . . .        (no shield)
rNeg    . . .        a - +1 robe
rPois   .            (no helmet)
rElec   .            (no cloak)
rCorr   .            (no gloves)
SInv    .            (no boots)
Will    .....        (no amulet)
Stlth   ++           (no ring)
HPRegen 0.23/turn    (no ring)
MPRegen 0.09/turn

%: no passive effects
@: no status effects
A: weakness stinger 1
a: no special abilities


You escaped.
You visited 1 branch of the dungeon, and saw 1 of its levels.

You collected 2 gold pieces.

Inventory:

Hand Weapons
 c - a +0 trident (weapon)
Armour
 a - a +1 robe (worn)
Scrolls
 e - a scroll of blinking {unknown}
Potions
 b - a potion of mutation {unknown}


   Skills:
 + Level 1.0 Fighting
 - Level 1.7 Dodging
 - Level 1.7 Stealth
 + Level 2.2 Spellcasting
 + Level 4.1 Conjurations


You had 4 spell levels left.
You knew the following spells:

 Your Spells              Type           Power      Damage    Failure   Level
a - Magic Dart            Conj           68%        1d6       3%          1

Your spell library contained the following spells:

 Spells                   Type           Power      Damage    Failure   Level
 Searing Ray              Conj           34%        2d5       4%          2
 Dazzling Flash           Conj/Hex       20%        N/A       22%         3
 Fulminant Prism          Conj/Hex       5%         3d7       56%         4
 Iskenderun's Mystic Bla  Conj/Tloc      10%        2d4       56%         4


Dungeon Overview and Level Annotations

Branches:
Dungeon (1/15)

Altars:


Innate Abilities, Weirdness & Mutations

You have a small tail.


Message History

No target in view!
No target in view!
No target in view!
No target in view!
No target in view!
No target in view!
No target in view!
No target in view!
No target in view!
No target in view!
You see here a bat corpse.
e - a scroll labelled INIMUJ EC MORR
Found a hand axe.
As you read the scroll labelled PIOSKE ATOCIH, it crumbles to dust.
It is a scroll of enchant armour.
Your +0 robe glows green for a moment.
Okay, then.
Unknown command.
There is an open door here.
You see here a +0 quarterstaff.
A rat comes into view.
The rat moves out of view.
A rat is nearby!
You barely miss the rat. The rat bites you.
You barely miss the rat. The rat completely misses you. The rat misses you.
You closely miss the rat. The rat bites you but does no damage.
You hit the rat. You tail-slap the rat.
You kill the rat!
No target in view!
No target in view!
No target in view!
No target in view!
No target in view!
No target in view!
No target in view!
No target in view!
No target in view!
There is an open gate here.
There is a staircase leading out of the dungeon here.
You have escaped!

..###..#....>...........#.#.#.###
..###.........####.#.............
.......##.#.###..#.#.##...#.#.###
..........###(...#..........#.#
...##.#####......#.###....#.#.# #
......###........#..........#.# #
..#####......##..# #....#...#.# #
...'.......####..#..........#.# #
#..'.....### #.@#.......#.... .
##.'.......####..#
######......##..# ###........#
###......# # ###....# . ###..# #
#### #


There were no monsters in sight!

Vanquished Creatures
  2 endoplasms (D:1)
  2 kobolds (D:1)
  3 ball pythons (D:1)
  2 bats (D:1)
  A goblin (D:1)
  3 rats (D:1)
13 creatures vanquished.

Notes
Turn   | Place    | Note
-------+----------+-------------------------------------------
     0 | D:1      | Essalna the Demonspawn Conjurer began the quest for the
                  | Orb.
     0 | D:1      | Reached XP level 1. HP: 13/13 MP: 3/3
   455 | D:1      | Gained mutation: You have a small tail. [demonic ancestry]
   455 | D:1      | Reached XP level 2. HP: 20/20 MP: 1/5
   468 | D:1      | Reached skill level 1 in Fighting
   616 | D:$      | Got out of the dungeon alive.

Illustrated notes

Levels and vault maps discovered:
D:1:      lemuel_arrival_funnel, layout_basic

Skill      XL: |  1  2 |
---------------+-------+-----
Fighting       | 1 |  1.0
Dodging        | |  1.7
Stealth        | |  1.7
Spellcasting   | |  2.2
Conjurations   | |  4.1

Action                     || total
---------------------------++-------
  Melee: Unarmed           ||     5
         Trident           ||    14
         Tailslap          ||     1
   Cast: Magic Dart        ||    22
    Use: Potion            ||     1
         Scroll            ||     1
 Armour: Robe              ||    29
  Dodge: Dodged            ||    28

Table legend: (Time is in decaauts)
 A = Elapsed time spent in this place.
 B = Non-inter-level travel time spent in this place.
 C = Inter-level travel time spent in this place.
 D = Time resting spent in this place.
 E = Time spent auto-exploring this place.
 F = Levels seen in this place.
 G = Mean time per level.
                   A        B        C        D        E       F      G
               +--------+--------+--------+--------+--------+-----+--------+
         Total |    619 |    528 |     91 |      0 |    408 |   1 |  619.0 |
       Dungeon |    619 |    528 |     91 |      0 |    408 |   1 |  619.0 |
               +--------+--------+--------+--------+--------+-----+--------+

Top non-repeatable levels by time:
     D:1: 619 daAuts
